[Event "Rapid del Mercoledì"]
[Site "Chess.com"]
[Date "2020.05.20"]
[Round "1"]
[White "markk000"]
[Black "Mrtre7"]
[Result "0-1"]
[WhiteElo "1460"]
[BlackElo "1413"]
[TimeControl "720+3"]
[EndTime "12:18:16 PDT"]
[Termination "Mrtre7 ha vinto per abbandono"]

1. d4 d5 2. c4 c5 3. dxc5 d4 4. e3 e5 5. Nf3 Bg4 6. Be2 Nc6 7.
Nxe5 Bxe2 8. Nxc6 Bxd1 9. Nxd8 Rxd8 10. Kxd1 dxe3+ 11. Ke2 exf2 12. Kxf2 Bxc5+ 13. Ke2 Nf6 14. Bg5 Rd7 15. Bxf6 gxf6 16. Rf1 Rg8 17. g3 Rg4 18. Nd2 Rgd4 19. Rad1 Re7+ 20. Kf3 Re5 21. Rfe1 Rd3+ 22. Kg2 Rde3 23. Nf3 Re2+ 24. Kf1 Rf2+ 25. Kg1 Rxf3+ 26. Kg2 Rf2+ 27. Kh3 Rxb2 0-1

[Event "Rapid del Mercoledì"]
[Site "Chess.com"]
[Date "2020.05.20"]
[Round "1"]
[White "sirmale49"]
[Black "pedrak"]
[Result "0-1"]
[WhiteElo "1411"]
[BlackElo "1689"]
[TimeControl "720+3"]
[EndTime "12:22:34 PDT"]
[Termination "pedrak ha vinto per abbandono"]

1. e4 d5 2. e5 c5 3. d4 cxd4 4. Qxd4 Nc6 5. Bb5 a6 6. Bxc6+ bxc6 7. Nf3 Bf5 8. O-O e6 9. c3 Qd7 10. Be3 c5 11. Qd2 Bxb1 12. Raxb1 Rb8 13. Qc2 Nh6 14.
Ng5 Nf5 15. Bf4 Be7 16. Nf3 O-O 17. g4 Nh4 18. Ng5 Bxg5 19. Bxg5 Nf3+ 20. Kg2 Nxg5 21. h4 Ne4 22. f3 Nd6 23. exd6 Qxd6 24. f4 Rfd8 25. Rbd1 Qb6 26. b3 d4 27. c4 Qc6+ 28. Kg3 a5 29. Rfe1 Qd6 30. Rd3 Rb7 31.
Re5 f6 32. Re2 e5 33. fxe5 fxe5 34. Re4 Rf8 35. Qd2 Ra7 36. a4 h6 37. Qe2 Re7 38.
Qd2 Qc7 39. g5 hxg5 40. Qxg5 Rf6 41.
h5 Qd6 42. Rf3 Rxf3+ 43. Kxf3 Qf6+ 44. Qxf6 gxf6 45. Kg4 Rh7 46. Kf5 Kf7 47. Kg4 Ke6 48. Re1 f5+ 49. Kg5 Rg7+ 50. Kh6 Kf6 51. Rxe5 Rd7 52.
Rxc5 d3 53. Rc6+ Ke5 54. Kg6 d2 55. Rf6 Rd6 0-1

[Event "Rapid del Mercoledì"]
[Site "Chess.com"]
[Date "2020.05.20"]
[Round "1"]
[White "fausto2p"]
[Black "riccardocanossa"]
[Result "0-1"]
[WhiteElo "1196"]
[BlackElo "1464"]
[TimeControl "720+3"]
[EndTime "12:25:08 PDT"]
[Termination "riccardocanossa ha vinto per tempo"]

1. d4 Nf6 2. c4 g6 3. Nc3 Bg7 4.
e4 d6 5. f3 O-O 6. Be3 Nbd7 7.
g4 h6 8. Nge2 e5 9. d5 Nc5 10. h4 a5 11. b3 Bd7 12. Qd2 h5 13.
gxh5 gxh5 14. Bg5 Re8 15. Ng3 Qc8 16. Rg1 Kh7 17. O-O-O Ng8 18. Nxh5 f6 19. Nxg7 fxg5 20. Nxe8 Qxe8 21. Qxg5 Qf8 22. Qg6+ Kh8 23. Qh5+ Qh6+ 24. Qxh6+ Nxh6 25. Rg6 Rg8 26. Rxg8+ Nxg8 27. Be2 b6 28. Rg1 Nf6 29. Nb5 Bxb5 30. cxb5 Ncd7 31. Bf1 Nc5 32. Kc2 Kh7 33. Bh3 Kh6 34. Bf5 Kh5 35.
Rg6 Nfd7 36. Rg8 Nf6 0-1

[Event "Rapid del Mercoledì"]
[Site "Chess.com"]
[Date "2020.05.20"]
[Round "2"]
[White "fausto2p"]
[Black "sirmale49"]
[Result "0-1"]
[WhiteElo "1190"]
[BlackElo "1415"]
[TimeControl "720+3"]
[EndTime "12:33:32 PDT"]
[Termination "sirmale49 ha vinto per abbandono"]

1. d4 d5 2. c4 e5 3. dxe5 d4 4. Nf3 Bg4 5. Nxd4 Nc6 6. Nxc6 Qxd1+ 7. Kxd1 bxc6 8. f3 Be6 9. b3 O-O-O+ 10. Ke1 Bb4+ 11. Kf2 Ne7 12. g4 Bc5+ 13. Be3 Bxe3+ 14. Kxe3 Ng6 15. Bg2 Nxe5 16. h3 Kb7 17. Nc3 f5 18.
gxf5 Bxf5 19. f4 Ng6 20. h4 Rhe8+ 21. Kf3 h5 22. e4 Bg4+ 23. Kg3 Rd3+ 24. Kh2 Rxc3 25.
Rad1 Nxf4 26. Rhe1 Bxd1 27. Rxd1 Nxg2 28. Kxg2 Rxe4 29.
Rf1 Rxh4 30. Rf7 Rd4 31. Rxg7 Rd2+ 32. Kh1 Rc1+ 33. Rg1 Rxg1+ 34. Kxg1 Rxa2 35. Kf1 Ka6 0-1

[Event "Rapid del Mercoledì"]
[Site "Chess.com"]
[Date "2020.05.20"]
[Round "2"]
[White "riccardocanossa"]
[Black "markk000"]
[Result "0-1"]
[WhiteElo "1425"]
[BlackElo "1470"]
[TimeControl "720+3"]
[EndTime "12:37:19 PDT"]
[Termination "markk000 ha vinto per abbandono"]

1. d4 Nf6 2. c4 g6 3. Nc3 Bg7 4. Nf3 O-O 5. e4 d6 6. Be2 Nbd7 7. O-O c5 8. d5 Nb6 9. a4 Ne8 10. Be3 a5 11. Qc2 f5 12. exf5 Bxf5 13. Bd3 Nxc4 14. Bxf5 Rxf5 15. Ng5 Nxe3 16. fxe3 Rxg5 0-1

[Event "Rapid del Mercoledì"]
[Site "Chess.com"]
[Date "2020.05.20"]
[Round "2"]
[White "pedrak"]
[Black "Mrtre7"]
[Result "1-0"]
[WhiteElo "1692"]
[BlackElo "1409"]
[TimeControl "720+3"]
[EndTime "12:41:01 PDT"]
[Termination "pedrak ha vinto per abbandono"]

1. d4 d5 2. Nf3 Nf6 3. Bf4 c5 4. e3 Bf5 5. c3 Nc6 6. dxc5 a5 7. Bb5 e6 8. b4 axb4 9. cxb4 Be7 10. Nc3 O-O 11.
Bxc6 bxc6 12. O-O Nh5 13. Bg3 Nxg3 14. hxg3 Bf6 15. Nd4 Qc7 16. Qd2 Bg6 17. a4 e5 18.
Nde2 d4 19. exd4 exd4 20. Nxd4 Rad8 21. Nce2 Rfe8 22. Rad1 Bh5 23. f3 Rxe2 24. Qxe2 Bxd4+ 25. Rxd4 Ra8 26. Rfd1 g6 27. Rd7 Qxg3 28. Qe7 g5 29. Rd8+ Rxd8 30. Rxd8+ Kg7 31. Qf8+ Kf6 32. Qd6+ Qxd6 33.
Rxd6+ Ke7 34. Rxc6 Kd7 35. Rd6+ Kc7 36. b5 f5 37. a5 Be8 38. Rb6 h5 39. a6 Bf7 40.
Rb7+ Kc8 41. Rxf7 1-0

[Event "Rapid del Mercoledì"]
[Site "Chess.com"]
[Date "2020.05.20"]
[Round "3"]
[White "sirmale49"]
[Black "riccardocanossa"]
[Result "0-1"]
[WhiteElo "1407"]
[BlackElo "1459"]
[TimeControl "720+3"]
[EndTime "12:50:15 PDT"]
[Termination "riccardocanossa ha vinto per abbandono"]

1. e4 e5 2. f4 Bc5 3. Nf3 d6 4. Bc4 Nc6 5. c3 Nf6 6. d3 O-O 7. a3 Bg4 8. b4 Bb6 9. a4 a6 10. b5 axb5 11. Bxb5 Qe7 12. Bxc6 bxc6 13. Qb3 Rab8 14. Qc4 exf4 15. Bxf4 d5 16. Qa2 dxe4 17. Nd4 exd3+ 18. Kd2 Bxd4 19. cxd4 Qe2+ 0-1

[Event "Rapid del Mercoledì"]
[Site "Chess.com"]
[Date "2020.05.20"]
[Round "3"]
[White "Mrtre7"]
[Black "fausto2p"]
[Result "1-0"]
[WhiteElo "1414"]
[BlackElo "1185"]
[TimeControl "720+3"]
[EndTime "12:55:47 PDT"]
[Termination "Mrtre7 ha vinto per abbandono"]

1. d4 d5 2. c4 c6 3. Nf3 Nf6 4. e3 dxc4 5. Bxc4 b5 6. Bd3 e6 7. Nc3 Bb4 8. O-O O-O 9. e4 Nbd7 10. Bg5 Qa5 11. Qc2 h6 12. Bf4 Qb6 13. a4 a6 14.
axb5 cxb5 15. Nxb5 Bb7 16. Na3 Bxa3 17. bxa3 Rac8 18.
Qe2 Rc3 19. Rfb1 Qa7 20. Rb2 Rfc8 21. Rab1 Rc1+ 22. Bxc1 1-0

[Event "Rapid del Mercoledì"]
[Site "Chess.com"]
[Date "2020.05.20"]
[Round "3"]
[White "markk000"]
[Black "pedrak"]
[Result "0-1"]
[WhiteElo "1465"]
[BlackElo "1696"]
[TimeControl "720+3"]
[EndTime "13:03:16 PDT"]
[Termination "pedrak ha vinto per abbandono"]

1. d4 d5 2. c4 e6 3. Nc3 c6 4. e4 dxe4 5. Nxe4 Nf6 6. Bg5 Be7 7.
Bd3 Nxe4 8. Bxe7 Nxf2 9. Bxd8 Nxd1 10. Rxd1 Kxd8 11. Nf3 Nd7 12. Ne5 Nxe5 13. dxe5 Ke7 14.
O-O Bd7 15. Rf3 Rad8 16. Rdf1 Be8 17. Rg3 g6 18. Rgf3 Rd4 19. Kf2 h5 20. Ke3 c5 21.
Rf4 Rxf4 22. Rxf4 Bc6 23. g3 Rd8 24. a3 a6 25. h4 b5 26. b3 Rb8 27. b4 cxb4 28. axb4 bxc4 29. Rxc4 Bb5 30. Rc7+ Kf8 31. Be4 Be8 32. Bb7 Bb5 33. Be4 Re8 34. Kf4 Re7 35. Rc2 Rd7 36. Rc8+ Kg7 37. Ke3 Ra7 38. Rc2 a5 39. Ra2 a4 40. Bc2 f6 41. exf6+ Kxf6 42. Bd3 Bxd3 43. Kxd3 Ke5 44. Kc3 Kd5 45.
b5 e5 46. b6 Rb7 47. Rxa4 Rxb6 48. Ra5+ Ke6 49. Ra1 Rd6 50. Re1 Kf5 51. Re3 e4 52. Kc4 Rd1 53. Kc3 Rd3+ 54. Rxd3 exd3 55. Kxd3 Kg4 56.
Ke4 Kxg3 57. Ke5 Kxh4 58. Kf4 g5+ 59. Kf3 Kh3 60. Kf2 Kh2 61. Kf3 g4+ 62. Kf2 g3+ 63.
Kf1 g2+ 64. Ke2 g1=Q 0-1